 Dungeon Crawl Stone Soup version 0.32-a0-786-g3ef9c6c (webtiles) character file.

Game seed: 9512531913879828924

361 Dorkslayer the Chopper (level 6, 0/43 HPs)
             Began as an Octopode Fighter on Mar 19, 2024.
             Was a Follower of Okawaru.
             Slain by an orc priest
             ... wielding a +0 morningstar
              (11 damage)
             ... on level 3 of the Dungeon.
             The game lasted 00:04:39 (1618 turns).

Dorkslayer the Chopper (Octopode Fighter)           Turns: 1618, Time: 00:04:39

Health: 0/43       AC:  1    Str: 17    XL:     6   Next: 66%
Magic:  6/6        EV: 12    Int: 11    God:    Okawaru [*.....]
Gold:   137        SH:  4    Dex: 11    Spells: 5/5 levels left

rFire   . . .        a - +0 war axe
rCold   . . .        b - +0 buckler
rNeg    + . .        (helmet restricted)
rPois   .            (no amulet)
rElec   .            j - ring of positive energy
rCorr   .            (no ring)
SInv    .            (no ring)
Will    .....        (no ring)
Stlth   +++          (no ring)
HPRegen 0.27/turn    (no ring)
MPRegen 0.10/turn    (no ring)
                     (no ring)

%: no passive effects
@: mighty
A: almost no armour, amphibious, 8 rings, camouflage 1, gelatinous body 1,
(nimble swimmer 1), tentacles
a: Renounce Religion, Heroism


You were on level 3 of the Dungeon.
You worshipped Okawaru.
Okawaru was aware of your devotion.
You visited 1 branch of the dungeon, and saw 3 of its levels.
You also visited: Sewer.

You collected 137 gold pieces.

Inventory:

Hand Weapons
 a - a +0 war axe (weapon)
 g - a +0 war axe
 l - a +0 morningstar
Missiles
 k - 5 boomerangs (quivered)
Armour
 b - a +0 buckler (worn)
Jewellery
 d - a +6 ring of intelligence
 j - a ring of positive energy (left tentacle)
Wands
 m - a wand of light (11)
Scrolls
 e - a scroll of teleportation
 n - 3 scrolls of blinking {unknown}
 o - a scroll of enchant weapon {unknown}
 p - a scroll of brand weapon {unknown}
 t - a scroll of immolation {unknown}
Potions
 c - a potion of might
 f - a potion of mutation {unknown}
 h - a potion of curing {unknown}
 i - 2 potions of brilliance
 q - a potion of resistance {unknown}
 r - a potion of cancellation {unknown}
 s - a potion of magic {unknown}


   Skills:
 + Level 3.8 Fighting
 + Level 4.4 Axes
 + Level 4.0 Dodging
 + Level 3.9 Stealth
 + Level 3.6 Shields


You had 5 spell levels left.
You didn't know any spells.
Your spell library was empty.

Dungeon Overview and Level Annotations

Branches:
Dungeon (3/15)              Sewer (visited)

Altars:
Elyvilon
Gozag
Okawaru

Shops:
D:1 :


Innate Abilities, Weirdness & Mutations

You cannot wear most types of armour.
You are amphibious.
You can wear up to eight rings at the same time.
Your skin changes colour to match your surroundings (Stealth+).
Your rubbery body absorbs attacks. (AC +1, EV +1)
((You are camouflaged when in or above water. (Stealth+)))
You have tentacles for arms and can constrict up to eight enemies at once.


Message History

A dart slug comes into view.
An orc comes into view. It is wielding a +0 dagger.
The orc priest mumbles some strange prayers to Beogh against you.
Beogh smites you! The adder bites you but does no damage.
You feel sick. The adder attacks as it pursues you! The adder misses you.
You feel very mighty all of a sudden.
You feel sick. The adder bites you.
You barely miss the adder. Your grab misses the adder. You squeeze the adder!
The adder is severely wounded.
You feel sick. The adder closely misses you. The adder bites you.
You barely miss the adder. Your grab misses the adder.
The adder is severely wounded.
You feel sick.
You are no longer poisoned.
The adder bites you.
The orc priest begins to cast a cantrip, but forgets the words!
You closely miss the adder. Your grab misses the adder.
The adder is severely wounded.
The adder misses you. The adder closely misses you.
You slash the adder!
You kill the adder!
Okawaru accepts your kill.
You hit the orc priest. Your grab misses the orc priest.
The orc priest is heavily wounded.
You closely miss the orc. The orc priest closely misses you.
The orc hits you from afar with a +0 trident.
The orc hits you with a +0 club.
The orc priest hits you with a +0 morningstar.
* * * LOW HITPOINT WARNING * * *
The orc closely misses you. The orc hits you with a +0 dagger.
* * * LOW HITPOINT WARNING * * *
You closely miss the orc priest. You grab the orc priest.
You squeeze the orc priest.
The orc priest is heavily wounded.
You slash the orc!
You kill the orc!
Okawaru accepts your kill.
You barely miss the orc. You constrict the orc priest.
The orc priest hits you with a +0 morningstar!
You die... ow

#. ###.o o....
......
#...o###
#.oo?.#
##.###)###
#..oo@o..#
#......##$#.##
##..... #†##.#
#..... #.#.##
##...# #..##
...#####..#
###........#
##.#####.# #.#


You could see an orc priest and 2 orcs.

Vanquished Creatures
  2 brain worms (Sewer)
  Terence (D:3)
  9 adders
  6 river rats
  A dart slug (D:2)
  A ribbon worm (D:2)
  5 orcs
  3 endoplasms
  2 giant cockroaches
  4 goblins (D:2)
  2 hobgoblins (D:3)
  4 jackals
  6 kobolds
  2 quokkas
  6 ball pythons
  4 bats
  7 frilled lizards
  15 rats
80 creatures vanquished.

Notes
Turn   | Place    | Note
-------+----------+-------------------------------------------
     0 | D:1      | Dorkslayer the Octopode Fighter began the quest for the
                  | Orb.
     0 | D:1      | Reached XP level 1. HP: 16/16 MP: 1/1
   117 | D:1      | Found Qeukuaza's Vocational Training.
   343 | D:1      | Reached XP level 2. HP: 14/21 MP: 2/2
   616 | D:2      | Found a faded altar of an unknown god.
   644 | D:2      | Reached XP level 3. HP: 16/26 MP: 3/3
   808 | D:2      | Reached skill level 1 in Stealth
   820 | D:2      | Reached XP level 4. HP: 24/31 MP: 4/4
  1111 | D:3      | Noticed Terence
  1120 | D:3      | Killed Terence
  1173 | D:3      | Found an opulent altar of Gozag.
  1179 | D:3      | Found an iron altar of Okawaru.
  1180 | D:3      | Found a white marble altar of Elyvilon.
  1187 | D:3      | Became a worshipper of Warmaster Okawaru
  1198 | D:3      | Found a glowing drain.
  1202 | D:3      | Reached XP level 5. HP: 28/36 MP: 5/5
  1212 | Sewer    | Entered a sewer
  1369 | Sewer    | Reached XP level 6. HP: 39/43 MP: 6/6
  1409 | Sewer    | Reached * piety under Okawaru
  1618 | D:3      | Slain by an orc priest

Illustrated notes

Levels and vault maps discovered:
D:1:      dpeg_arrival_arbitrary_c, layout_loops_ring, nicolae_shop_vocational
D:2:      minmay_diamond_boxcup, layout_rooms, basic_ecumenical_altar
D:3:      layout_loops_ring, grunt_temple_overflow_open, portal_sewer_entry_b,
          uniq_terence

Skill      XL: |  1  2  3  4  5  6 |
---------------+-------------------+-----
Stealth        | 1 2 3 |  3.9
Axes           | 3 4 |  4.4
Dodging        | 4 |  4.0
Fighting       | |  3.8
Shields        | |  3.6

Action                     |  1- 3 |  4- 6 || total
---------------------------+-------+-------++-------
  Melee: War axe           |    43 |    89 ||   132
         Constrict         |     9 |    27 ||    36
         Tentacles         |    11 |    17 ||    28
    Use: Scroll            |     2 |     1 ||     3
         Potion            |       |     1 ||     1
   Stab: Sleeping          |     5 |     8 ||    13
         Distracted        |       |     1 ||     1
 Armour: Skin              |    22 |    43 ||    65
  Dodge: Dodged            |    25 |    50 ||    75
  Block: Buckler           |     6 |    10 ||    16

Table legend: (Time is in decaauts)
 A = Elapsed time spent in this place.
 B = Non-inter-level travel time spent in this place.
 C = Inter-level travel time spent in this place.
 D = Time resting spent in this place.
 E = Time spent auto-exploring this place.
 F = Levels seen in this place.
 G = Mean time per level.
                   A        B        C        D        E       F      G
               +--------+--------+--------+--------+--------+-----+--------+
         Total |   1666 |   1666 |      0 |     47 |    732 |   4 |  416.5 |
       Dungeon |   1319 |   1319 |      0 |      0 |    698 |   3 |  439.7 |
         Sewer |    347 |    347 |      0 |     47 |     34 |   1 |  347.0 |
               +--------+--------+--------+--------+--------+-----+--------+

Top non-repeatable levels by time:
     D:1: 621 daAuts
     D:2: 506 daAuts
   Sewer: 347 daAuts
     D:3: 191 daAuts
